 Dungeon Crawl Stone Soup version 0.32-a0-519-g08f29ac1c3 (webtiles) character file.

Game seed: 7492166047367680264

1987 petercordia the Cudgeller (level 9, -1/78 HPs)
             Began as a Mountain Dwarf Cinder Acolyte on Feb 27, 2024.
             Was an Initiate of Gozag.
             Slain by a fire elemental (11 damage)
             ... created by the fiery vengeance of Ignis
             ... on level 5 of the Dungeon.
             The game lasted 00:17:50 (6582 turns).

petercordia the Cudgeller (MDCA)                    Turns: 6582, Time: 00:17:50

Health: -1/78      AC:  5    Str: 18    XL:     9   Next: 1%
Magic:  10/15      EV: 11    Int: 18    God:    Gozag
Gold:   115        SH:  4    Dex:  5    Spells: 12/16 levels left

rFire   . . .        a - +2 whip (flame)
rCold   + . .        h - +0 buckler
rNeg    . . .        q - +2 robe {rF+}
rPois   .            C - +0 helmet
rElec   .            (no cloak)
rCorr   .            (no gloves)
SInv    .            (no boots)
Will    .....        (no amulet)
Stlth   +            d - ring of protection from cold
HPRegen 0.33/turn    (no ring)
MPRegen 0.14/turn

%: no passive effects
@: fire susceptible
A: runic magic, artefact enchanting
a: Renounce Religion, Potion Petition, Call Merchant, Bribe Branch


You were on level 5 of the Dungeon.
You worshipped Gozag.
Gozag was aware of your devotion.
You visited 2 branches of the dungeon, and saw 7 of its levels.

You collected 254 gold pieces.
You spent 70 gold pieces at shops.
You paid 69 gold pieces to Gozag.

Inventory:

Hand Weapons
 a - a +2 whip of flaming (weapon)
 B - a +1 spear of venom
Missiles
 o - 2 throwing nets (quivered)
 y - 11 poisoned darts
 A - 5 boomerangs
Armour
 h - a +0 buckler (worn)
 q - a +2 robe of fire resistance (worn)
 C - a +0 helmet (worn)
Magical Staves
 j - a staff of air
Jewellery
 d - a ring of protection from cold (left hand)
 E - an amulet of the acrobat
Wands
 l - a wand of iceblast (18)
 t - a wand of mindburst (7)
Scrolls
 f - a scroll of immolation
 i - 9 scrolls of identify
 k - a scroll of blinking {unknown}
 m - a scroll of torment {unknown}
 n - 2 scrolls of poison
 p - 2 scrolls of vulnerability {unknown}
 x - 3 scrolls of teleportation {unknown}
 F - a scroll of noise
Potions
 b - a potion of attraction {unknown}
 c - 5 potions of curing {unknown}
 e - a potion of magic {unknown}
 g - a potion of ambrosia {unknown}
 r - 4 potions of brilliance {unknown}
 s - 2 potions of might {unknown}
 u - a potion of degeneration {unknown}
 v - a potion of berserk rage {unknown}
 w - a potion of lignification
 z - a potion of mutation {unknown}
 D - a potion of enlightenment {unknown}
 G - 2 potions of heal wounds {unknown}


   Skills:
 + Level 6.8 Fighting
 + Level 7.5 Maces & Flails
 + Level 5.3 Shields
 + Level 4.2 Spellcasting
 + Level 7.1 Fire Magic


You had 12 spell levels left.
You knew the following spells:

 Your Spells              Type           Power      Damage    Failure   Level
a - Scorch                Fire           58%        2d7       1%          2
b - Blink                 Tloc           6%         N/A       26%         2

Your spell library contained the following spells:

 Spells                   Type           Power      Damage    Failure   Level
 Lesser Beckoning         Tloc           6%         N/A       26%         2
 Momentum Strike          Conj/Tloc      6%         3d8       26%         2
 Gell's Gravitas          Tloc           3%         N/A       47%         3
 Ozocubu's Armour         Ice            3%         N/A       47%         3
 Teleport Other           Tloc           3%         N/A       47%         3
 Metabolic Englaciation   Hex/Ice        1%         N/A       99%         5
 Sculpt Simulacrum        Ice/Alch       1%         N/A       100%        6


Dungeon Overview and Level Annotations

Branches:
Dungeon (6/15)             Temple (1/1) D:5

Altars:
Cheibriados
Dithmenos
Elyvilon
Fedhas
Gozag
Hepliaklqana
Kikubaaqudgha
Makhleb
Nemelex Xobeh
Okawaru
Qazlal
Trog
Uskayaw
Vehumet
Wu Jian
Zin
The Shining One

Shops:
D:4 *:=[[


Innate Abilities, Weirdness & Mutations

Your spellcasting is much less encumbered by armour.
You can use scrolls of enchantment on lesser artefacts.


Message History

Casting: Scorch (safe; 1% risk of failure)
Confirm with . or Enter, or press ? or * to list all spells.
You blink.
Unknown command.
The fire elemental barely misses you. You block the fire elemental's attack.
The fire elemental barely misses you.
There is an open door here.
The fire elemental hits you. The fire elemental burns you!
You miss the fire elemental. The fire elemental hits you.
The fire elemental burns you!
You hit the fire elemental.
The fire elemental is lightly damaged.
The fire elemental closely misses you.
You closely miss the fire elemental.
The fire elemental is lightly damaged.
You feel ready to blink again. The fire elemental barely misses you.
You hit the fire elemental.
The fire elemental is moderately damaged.
The fire elemental hits you. The fire elemental burns you!
You hit the fire elemental.
The fire elemental is heavily damaged.
The fire elemental hits you. The fire elemental burns you!
You hit the fire elemental.
The fire elemental is heavily damaged.
The fire elemental hits you. The fire elemental burns you!
* * * LOW HITPOINT WARNING * * *
The fire elemental barely misses you. You block the fire elemental's attack.
As you read the scroll labelled BIMABABB YB BIMIN, it crumbles to dust.
It is a scroll of identify.
F - a scroll of noise The fire elemental hits you.
The fire elemental burns you!
* * * LOW HITPOINT WARNING * * *
As you read the scroll labelled QURIQAUCOY, it crumbles to dust.
The air around you briefly surges with heat, but it dissipates.
It was a scroll of immolation.
The fire elemental hits you. The fire elemental burns you!
You die...
Your body crumbles into a pile of gold.

#...................#.........
#...................#.........
#...................#.........
#...................#...##....
##################'##...##....
#..................#........#
#...............)..#..>.....#
#............E.....#........#
#..........÷@E○....#.........
#.....###...##○°..##...##...#
#.....########....##.○.##...#
#.......#.......°..#°.......#
#.......#........°.#○.......#
#.......#..........'........#
#.......#..........#........#
#############################
#


You could see 2 fire elementals.

Vanquished Creatures
  Pikel (D:4)
  Grinder (D:5)
  Eustachio (D:4)
  Menkaure (D:4)
  An ice beast (D:5)
  A sky beast (D:5)
  A phantom (D:6)
  A lemure (D:3)
  Blork the orc (D:4)
  The ghost of t4s4d4r the Digger, a weakling OpEE (D:3)
  2 bombardier beetles (D:4)
  2 jellies (D:6)
  An orc priest (D:5)
  A hound (D:5)
  A gnoll bouda (D:4)
  2 iguanas
  2 sleepcaps
  3 orc wizards
  Robin (D:4)
  14 adders
  3 gnolls (D:4)
  A white imp (D:5)
  A ribbon worm (D:2)
  5 dart slugs
  15 orcs
  4 endoplasms
  6 giant cockroaches
  23 goblins
  5 hobgoblins
  2 quokkas
  4 ball pythons
  6 bats
  4 frilled lizards
  5 kobolds
  5 rats
128 creatures vanquished.

Notes
Turn   | Place    | Note
-------+----------+-------------------------------------------
     0 | D:1      | petercordia the Mountain Dwarf Cinder Acolyte began the
                  | quest for the Orb.
     0 | D:1      | Reached XP level 1. HP: 19/19 MP: 2/2
   182 | D:1      | Reached XP level 2. HP: 20/26 MP: 3/3
   221 | D:1      | Learned a level 2 spell: Scorch
   854 | D:2      | Reached XP level 3. HP: 33/33 MP: 4/4
  1069 | D:2      | Learned a level 2 spell: Blink
  1164 | D:2      | Reached skill level 1 in Shields
  1437 | D:2      | Reached XP level 4. HP: 37/40 MP: 5/5
  1881 | D:3      | Found a bloodstained altar of Trog.
  2216 | D:3      | Found a runed translucent door.
  2224 | D:3      | Noticed t4s4d4r's ghost (weakling OpEE)
  2630 | D:3      | Killed t4s4d4r's ghost
  2631 | D:3      | Reached XP level 5. HP: 23/47 MP: 1/7
  2749 | D:4      | Noticed Menkaure
  2757 | D:4      | Killed Menkaure
  2758 | D:4      | Reached skill level 5 in Maces & Flails
  2758 | D:4      | Reached XP level 6. HP: 40/53 MP: 1/9
  2827 | D:4      | Noticed Blork the orc
  2915 | D:4      | Killed Blork the orc
  3054 | D:4      | Found a hazy altar of Hepliaklqana.
  3076 | D:4      | Reached skill level 5 in Fire Magic
  3171 | D:4      | Found Bick's Book Shop.
  3220 | D:4      | Reached skill level 5 in Fighting
  3313 | D:4      | Found Asywirph's Antique Armour Shoppe.
  3420 | D:4      | Noticed Pikel
  3533 | D:4      | Found Keesiofa's Jewellery Shop.
  3547 | D:4      | Killed Pikel
  3548 | D:4      | Reached XP level 7. HP: 17/62 MP: 4/11
  3727 | D:4      | Noticed Robin
  3743 | D:4      | Reached XP level 8. HP: 69/70 MP: 12/12
  3778 | D:4      | Found Xafec's Antique Armour Shoppe.
  4164 | D:4      | Found Furiuro's General Store.
  4169 | D:4      | Bought a scroll of poison for 40 gold pieces
  4169 | D:4      | Bought a potion of lignification for 30 gold pieces
  4188 | D:4      | Noticed Eustachio
  4201 | D:4      | Killed Eustachio
  4607 | D:5      | Entered Level 5 of the Dungeon
  4632 | D:5      | Found a staircase to the Ecumenical Temple.
  5341 | D:4      | Killed Robin
  5473 | D:5      | Noticed Grinder
  5486 | D:5      | Killed Grinder
  5634 | D:5      | Reached skill level 5 in Shields
  6376 | Temple   | Entered the Ecumenical Temple
  6402 | Temple   | Fell from the grace of Ignis
  6402 | Temple   | Became a worshipper of Gozag Ym Sagoz the Greedy
  6536 | D:6      | Reached XP level 9. HP: 78/78 MP: 10/15
  6582 | D:5      | Slain by a fire elemental

Illustrated notes

Levels and vault maps discovered:
D:1:      dpeg_arrival_boxes_within_box, layout_rooms
D:2:      layout_loops_ring
D:3:      layout_basic, trog_book, ebering_ghost_sewer_d
D:4:      layout_cave_pods, amcnicky_altar_gilded, serial_shops,
          nicolae_shop_gibbet_a_chance, nicolae_shop_crystal,
          kennysheep_little_box, nicolae_shop_just_a_little_nook,
          nicolae_shop_tiny_real_fake_doors, minmay_misc_feat_roman,
          nicolae_grassy_gnolls, uniq_pikel, uniq_robin, uniq_menkaure,
          uniq_blork_the_orc, uniq_eustachio
D:5:      layout_gridville, minmay_temple_entry_water_ring,
          guppyfry_early_lair_pool, uniq_grinder
D:6:      layout_rooms
Temple:   regret_index_temple_generic_petals

Skill      XL: |  1  2  3  4  5  6  7  8 |
---------------+-------------------------+-----
Maces & Flails | 4 5 6 7 |  7.5
Fighting       | 4 5 6 |  6.8
Shields        | 1 2 4 5 |  5.3
Fire Magic     | 4 5 6 7 |  7.1
Spellcasting   | 2 3 4 |  4.2

Action                     |  1- 3 |  4- 6 |  7- 9 || total
---------------------------+-------+-------+-------++-------
  Melee: Mace              |   114 |    95 |       ||   209
         Whip              |       |       |   106 ||   106
   Cast: Scorch            |     1 |    36 |    58 ||    95
         Blink             |       |       |     1 ||     1
 Invoke: Fiery Armour      |     1 |       |     1 ||     2
  Evoke: Wand              |       |     2 |       ||     2
    Use: Scroll            |       |       |     2 ||     2
 Armour: Robe              |    65 |    70 |    93 ||   228
         Leather armour    |    35 |       |       ||    35
  Dodge: Dodged            |    66 |    49 |    54 ||   169
         Repelled          |     1 |     2 |       ||     3
  Block: Buckler           |     7 |    20 |    20 ||    47

Table legend: (Time is in decaauts)
 A = Elapsed time spent in this place.
 B = Non-inter-level travel time spent in this place.
 C = Inter-level travel time spent in this place.
 D = Time resting spent in this place.
 E = Time spent auto-exploring this place.
 F = Levels seen in this place.
 G = Mean time per level.
                   A        B        C        D        E       F      G
               +--------+--------+--------+--------+--------+-----+--------+
         Total |   6609 |   5837 |    772 |    324 |   4543 |   7 |  944.1 |
       Dungeon |   6556 |   5835 |    721 |    324 |   4543 |   6 | 1092.7 |
        Temple |     52 |      2 |     50 |      0 |      0 |   1 |   52.0 |
               +--------+--------+--------+--------+--------+-----+--------+

Top non-repeatable levels by time:
     D:4: 1762 daAuts
     D:5: 1605 daAuts
     D:3: 1377 daAuts
     D:2: 852 daAuts
     D:1: 841 daAuts
     D:6: 117 daAuts
  Temple: 52 daAuts
